[Event "*** Titled Tuesday 3|2 Blitz"]
[Site "Chess.com"]
[Date "2015.12.01"]
[Round "5"]
[White "Canairez"]
[Black "AndreyOstrovskiy"]
[Result "1-0"]
[WhiteElo "2239"]
[BlackElo "2427"]
[TimeControl "180+2"]
[EndTime "12:02:26 PST"]
[Termination "Canairez won by resignation"]

1. d4 Nf6 2. c4 e6 3. Nf3 b6 4. e3 Bb7 5. Bd3 c5 6. O-O Be7 7. Nc3 cxd4 8. Nxd4 O-O 9. b3 a6 10. Bb2 d6 11. Qc2 Nbd7 12. Rfd1 Rc8 13. Rac1 Qc7 14. Qb1 Qb8 15. Qa1 Qa8 16. Bf1 Rfe8 17. h3 Ne5 18. Na4 Ned7 19. Nc3 Kh8 20. a3 Rg8 21. b4 g5 22. Na4 Rg7 23. c5 g4 24.
cxd6 gxh3 25. g3 Rxc1 26. Rxc1 Bxd6 27. Nxe6 Bxg3 28. fxg3 Rxg3+ 29. Kh2 Qb8 30. Bxf6+ Rg7+ 31. Nf4 Nxf6 32. Qxf6 Qe8 33. Rd1 1-0

[Event "*** Titled Tuesday 3|2 Blitz"]
[Site "Chess.com"]
[Date "2015.12.01"]
[Round "5"]
[White "AndrewMcStone"]
[Black "AnastasiaProtopopova"]
[Result "0-1"]
[WhiteElo "1998"]
[BlackElo "1913"]
[TimeControl "180+2"]
[EndTime "12:02:29 PST"]
[Termination "AnastasiaProtopopova won by resignation"]

1. d4 Nf6 2. c4 e6 3. Nc3 Bb4 4. f3 d5 5. a3 Bxc3+ 6. bxc3 c6 7. cxd5 cxd5 8. e3 O-O 9. Bd3 b6 10. Ne2 Ba6 11. O-O Qc8 12. e4 Bxd3 13. Qxd3 Qa6 14. Qe3 Nc6 15. e5 Nd7 16. Ng3 Na5 17. Nh5 Kh8 18.
Qg5 Rg8 19. Qh4 Qd3 20. Bg5 Qg6 21. f4 Rac8 22. Rf3 h6 23. Be7 Nb3 24. Rd1 b5 25. Rg3 Qh7 26. Rf1 Nd2 27. Rd1 Ne4 28. Rh3 Rxc3 29.
Rxc3 Nxc3 30. Rc1 Ne2+ 0-1

[Event "*** Titled Tuesday 3|2 Blitz"]
[Site "Chess.com"]
[Date "2015.12.01"]
[Round "5"]
[White "amaidel"]
[Black "oggy1984"]
[Result "1-0"]
[WhiteElo "2391"]
[BlackElo "2214"]
[TimeControl "180+2"]
[EndTime "12:02:34 PST"]
[Termination "amaidel won on time"]

1. e4 c5 2. Nf3 e6 3. d4 cxd4 4. Nxd4 Nf6 5. Nc3 d6 6. f4 a6 7. Bd3 Qc7 8. O-O Nbd7 9. Kh1 b5 10. Qe1 Bb7 11. Bd2 h5 12. a4 b4 13. Nd1 a5 14.
Nb5 Qc6 15. Nf2 h4 16. c3 h3 17. gxh3 Nc5 18. Bc2 d5 19. Nd4 Qc7 20. e5 Nfe4 21. cxb4 axb4 22. Bxb4 Qb6 23. a5 Qa6 24. Nxe4 dxe4 25.
Qe3 Nd3 26. Ba4+ Kd8 27. Bb5 Bxb4 28. Bxa6 Rxa6 29. f5 Bc5 30. fxe6 fxe6 31. Rf7 Bd5 32. h4 Kc8 33. b4 1-0

[Event "*** Titled Tuesday 3|2 Blitz"]
[Site "Chess.com"]
[Date "2015.12.01"]
[Round "5"]
[White "Tirantes"]
[Black "BjarkeSahl"]
[Result "1-0"]
[WhiteElo "2210"]
[BlackElo "2133"]
[TimeControl "180+2"]
[EndTime "12:02:35 PST"]
[Termination "Tirantes won by resignation"]

1. c4 e5 2. Nc3 Nf6 3. Nf3 Nc6 4. g3 Bc5 5. Bg2 a6 6. O-O d6 7. e3 O-O 8. d4 Ba7 9. dxe5 dxe5 10. b3 Bg4 11. h3 Bf5 12. Bb2 Qc8 13. Kh2 Rd8 14.
Nd5 Nxd5 15. cxd5 Be4 16. Nxe5 Bxg2 17. Nxc6 bxc6 18. Kxg2 cxd5 19. Rc1 c5 20. Qf3 Qe6 21.
Rfd1 Rac8 22. Qf4 h6 23. Rc2 Bb8 24. Qf3 c4 25. Bd4 Be5 26. Bxe5 Qxe5 27. bxc4 dxc4 28. Rxc4 Rxc4 29. Rxd8+ Kh7 30. Qxf7 Qe4+ 31. Kh2 1-0

[Event "*** Titled Tuesday 3|2 Blitz"]
[Site "Chess.com"]
[Date "2015.12.01"]
[Round "5"]
[White "oskariot"]
[Black "kharposh"]
[Result "1-0"]
[WhiteElo "2247"]
[BlackElo "2083"]
[TimeControl "180+2"]
[EndTime "12:02:37 PST"]
[Termination "oskariot won by resignation"]

1. e4 e5 2. Nf3 Nc6 3. Bb5 Nf6 4. d3 Bc5 5. O-O d6 6. c3 Bb6 7. d4 O-O 8. Bg5 h6 9. Bh4 g5 10. Nxg5 hxg5 11. Bxg5 exd4 12. Bxc6 bxc6 13. cxd4 Qe7 14. Nc3 Ba6 15. Re1 Qe6 16. e5 Nh7 17. exd6 Qxd6 18. Be7 Qxd4 19. Qf3 Rfe8 20. Re4 Qxf2+ 21. Qxf2 Bxf2+ 22. Kxf2 f5 23. Re5 Kf7 24. Rae1 Bd3 25. R1e3 Bc2 26. g3 Rab8 27. b3 Rb4 28. Bxb4 1-0

[Event "*** Titled Tuesday 3|2 Blitz"]
[Site "Chess.com"]
[Date "2015.12.01"]
[Round "5"]
[White "E-Shaposhnikov"]
[Black "MinhGTrAn"]
[Result "1-0"]
[WhiteElo "2510"]
[BlackElo "2612"]
[TimeControl "180+2"]
[EndTime "12:02:43 PST"]
[Termination "E-Shaposhnikov won on time"]

1. e4 c5 2. Nf3 d6 3. Bc4 Nf6 4.
e5 dxe5 5. Nxe5 e6 6. Qe2 Be7 7.
b3 O-O 8. Bb2 Nd5 9. O-O Nd7 10.
f4 N7b6 11. d3 Nxc4 12. dxc4 Nf6 13. Nc3 a6 14. Rad1 Qc7 15. Rd3 b6 16. Rg3 Bb7 17. f5 exf5 18. Rxf5 Rae8 19. Nd5 Qd6 20. Nd7 Bxd5 21. Rxg7+ Kxg7 22. Qg4+ Kh8 23. Nxf6 Bxf6 24. Rxf6 Re1+ 25. Kf2 1-0

[Event "*** Titled Tuesday 3|2 Blitz"]
[Site "Chess.com"]
[Date "2015.12.01"]
[Round "5"]
[White "chessloveyou"]
[Black "GianmarcoVaR"]
[Result "0-1"]
[WhiteElo "2137"]
[BlackElo "2166"]
[TimeControl "180+2"]
[EndTime "12:03:12 PST"]
[Termination "GianmarcoVaR won by resignation"]

1. d4 g6 2. Nf3 Bg7 3. g3 d6 4. Bg2 f5 5. O-O Nf6 6. c4 O-O 7. Nc3 c6 8. Bg5 Qe8 9. d5 Na6 10. dxc6 bxc6 11. Nd4 Bd7 12. a3 h6 13. Bc1 e5 14. Ndb5 cxb5 15. Bxa8 Qxa8 16. cxb5 Nc7 17. Qxd6 Nxb5 18. Nxb5 Bxb5 19. Qxe5 Qe8 20. Qc5 Qxe2 21. Be3 Ng4 22. Qd5+ Kh7 23. Rfe1 Nxe3 24. fxe3 Qd3 25. Qxd3 Bxd3 26. Rad1 Rd8 27. Rd2 Bxb2 28. Rxb2 Be4 29. Kf2 h5 30. Rc1 Rd7 31. Ke2 Kh6 32. Rd2 Bf3+ 33.
Ke1 Rb7 34. a4 Kg5 35. a5 h4 36. gxh4+ Kxh4 37. Rd4+ Be4 38. Rc8 Kg4 39. Rh8 Rb3 40. Ke2 Ra3 41. Rg8 g5 42. Rd7 Ra2+ 43. Kd1 Rxa5 44. Rgg7 Ra1+ 45. Kd2 a5 46. Rg8 Ra2+ 47. Kc3 Rc2+ 48. Kb3 Rxh2 49. Ka4 Bc6+ 0-1

[Event "*** Titled Tuesday 3|2 Blitz"]
[Site "Chess.com"]
[Date "2015.12.01"]
[Round "5"]
[White "GrigorGrigorov"]
[Black "LuckyTiger"]
[Result "0-1"]
[WhiteElo "2542"]
[BlackElo "2524"]
[TimeControl "180+2"]
[EndTime "12:03:18 PST"]
[Termination "LuckyTiger won by resignation"]

1. d4 Nf6 2. c4 c5 3. d5 b5 4. cxb5 a6 5. bxa6 g6 6. Nc3 Bxa6 7. e4 Qa5 8. Bxa6 Nxa6 9. Ne2 Nxe4 10. O-O Nf6 11. Bg5 Bg7 12. d6 e6 13. Qd2 O-O 14. Bh6 Nb4 15. Bxg7 Kxg7 16. Nf4 Ra6 17. Rfd1 e5 18. Nfe2 c4 19. Qe3 Nc2 20. Qg5 Nxa1 21. Ng3 Ng8 22. Rxa1 f6 23. Qd2 Qb4 24. Rd1 Rb8 25.
h4 Qxb2 26. Qe3 Ra3 27. Nge4 Qc2 28. Rd2 Qc1+ 29. Kh2 Rb1 30. Kg3 Nh6 31. Qc5 Nf5+ 32. Kg4 h5+ 33. Kf3 Rxc3+ 34. Nxc3 Qxd2 35. Ne4 Qf4+ 0-1

[Event "*** Titled Tuesday 3|2 Blitz"]
[Site "Chess.com"]
[Date "2015.12.01"]
[Round "5"]
[White "gumersindo"]
[Black "salomez"]
[Result "1-0"]
[WhiteElo "2215"]
[BlackElo "2085"]
[TimeControl "180+2"]
[EndTime "12:03:25 PST"]
[Termination "gumersindo won by resignation"]

1. d4 Nf6 2. c4 g6 3. Nc3 d5 4.
Bg5 Ne4 5. Bh4 c5 6. cxd5 Nxc3 7. bxc3 Qxd5 8. e3 Nc6 9. Nf3 Bg7 10.
Be2 O-O 11. O-O e5 12. c4 Qd7 13.
d5 e4 14. dxc6 Qxd1 15. Raxd1 exf3 16. Bxf3 bxc6 17. Bxc6 Rb8 18. Be7 Bg4 19. f3 Rfc8 20. Bd5 Be6 21. Bxe6 fxe6 22. Rd7 a6 23. h4 Rb2 24.
Rf2 Rb1+ 25. Kh2 Re1 26. e4 Be5+ 27. g3 Bd4 28. Rd2 Re3 29. Kg2 Rc3 30. Rd6 Rxc4 31.
Rxa6 Rc1 32. Rxe6 Kf7 33. Bxc5 Bxc5 34. Ra6 h6 35. Rd7+ Ke8 36. Rh7 Rc2+ 37. Kh3 Bf8 38. Rxg6 Rxa2 39. Re6+ Kd8 40. f4 Rcc2 41. Rh8 Kd7 42.
Rf6 Be7 43. Rf7 Ke6 44. Rhh7 Rh2+ 45. Kg4 Rhg2 46. Rxe7+ Kd6 47. Reg7 Ra3 48. Kh5 Raxg3 49. Rxh6+ Kc5 50. Rg5+ Kd4 51. Rxg3 Rxg3 52. e5 Kd5 53. Rf6 1-0

[Event "*** Titled Tuesday 3|2 Blitz"]
[Site "Chess.com"]
[Date "2015.12.01"]
[Round "5"]
[White "NguyenDucHoa"]
[Black "Tesla37"]
[Result "0-1"]
[WhiteElo "2361"]
[BlackElo "2536"]
[TimeControl "180+2"]
[EndTime "12:03:33 PST"]
[Termination "Tesla37 won on time"]

1. e4 c5 2. Nf3 e6 3. d4 cxd4 4.
Nxd4 Nc6 5. Nc3 Qc7 6. Be3 a6 7. Qf3 d6 8. O-O-O Bd7 9. Qg3 Nf6 10. f4 b5 11. e5 dxe5 12. fxe5 b4 13. exf6 Qxg3 14. hxg3 bxc3 15. fxg7 cxb2+ 16. Kxb2 Bxg7 17. c3 Ne5 18. Nf3 Rb8+ 19. Kc1 Ng4 20. Bd4 e5 21. Re1 Bf5 22. Nd2 O-O 23. Bg1 Rfc8 24. c4 e4 25. Rh5 Bg6 26. Rg5 Ne5 27. Kd1 Rd8 28. Be3 h6 29. Rxg6 fxg6 30. Kc2 Nd3 31. Rb1 Nb4+ 32. Kd1 Nxa2 33. Rxb8 Nc3+ 34. Kc2 Rxb8 35. c5 Nd5 36. Bc4 Rd8 37. Nxe4 Kf8 38. Bd2 Ke7 39. Ba5 Ne3+ 40. Kb3 Rd1 0-1

[Event "*** Titled Tuesday 3|2 Blitz"]
[Site "Chess.com"]
[Date "2015.12.01"]
[Round "5"]
[White "Gergo85"]
[Black "HansCoolNiemann"]
[Result "1-0"]
[WhiteElo "2344"]
[BlackElo "2177"]
[TimeControl "180+2"]
[EndTime "12:03:35 PST"]
[Termination "Gergo85 won by checkmate"]

1. e4 e6 2. d4 d5 3. Nc3 Nf6 4. e5 Nfd7 5. f4 c5 6. Be3 Nc6 7. Nf3 cxd4 8. Nxd4 Bc5 9. Qd2 O-O 10. O-O-O a6 11.
Qf2 Bxd4 12. Bxd4 b5 13. Ne2 Qa5 14. Kb1 Bb7 15. Ng3 Rac8 16. Bc3 b4 17. Be1 Nb6 18. Nh5 Qa4 19. Bd3 Nd7 20. Qg3 g6 21. Nf6+ Nxf6 22.
exf6 Kh8 23. Qg5 Nd4 24. Rc1 Rc5 25. Bxb4 Qxb4 26. c3 Qa4 27. cxd4 Rxc1+ 28. Rxc1 Qxd4 29. Bf1 Qe4+ 30. Ka1 d4 31. Qe5 Qxe5 32. fxe5 h5 33.
b4 Rd8 34. Rc7 Be4 35. Rxf7 d3 36. Bxd3 Bxd3 37. Re7 Bf5 38. Kb2 Kg8 39. Kc3 Rf8 40. Ra7 Rf7 41. Rxa6 Rd7 42. Rd6 Rxd6 43. exd6 e5 44.
b5 Kf7 45. b6 Bc8 46. d7 Bxd7 47. b7 Kxf6 48. b8=Q Bf5 49. Qd6+ Kg5 50. Qxe5 h4 51.
a4 Kg4 52. a5 Bc8 53. h3# 1-0

[Event "*** Titled Tuesday 3|2 Blitz"]
[Site "Chess.com"]
[Date "2015.12.01"]
[Round "5"]
[White "Herman-NY"]
[Black "stefanodinn"]
[Result "1-0"]
[WhiteElo "2172"]
[BlackElo "2125"]
[TimeControl "180+2"]
[EndTime "12:03:37 PST"]
[Termination "Herman-NY won on time"]

1. e4 c5 2. Nc3 d6 3. a3 Nc6 4. Rb1 g6 5. b4 b6 6. g3 Bg7 7.
Nge2 e6 8. Bg2 Nge7 9. O-O Qd7 10. d3 Bb7 11. Bd2 O-O 12. Qc1 Rfd8 13. Bh6 Bh8 14.
g4 Rac8 15. Qd2 Ba8 16. f4 d5 17. e5 a6 18. Rf3 f6 19. exf6 Bxf6 20. bxc5 bxc5 21.
Na4 Nd4 22. Nb6 Nxf3+ 23. Bxf3 Qb7 24. a4 Rb8 25. a5 Qc7 26. Ng3 e5 27. f5 e4 28. Bg2 exd3 29. cxd3 c4 30. Kh1 c3 31. Qe2 Qe5 32. Qf2 g5 33. Nh5 Kf7 34. Re1 Qd4 35. Qe2 1-0

[Event "*** Titled Tuesday 3|2 Blitz"]
[Site "Chess.com"]
[Date "2015.12.01"]
[Round "5"]
[White "darsen_sanzhaev"]
[Black "lukas_111111"]
[Result "0-1"]
[WhiteElo "2235"]
[BlackElo "2225"]
[TimeControl "180+2"]
[EndTime "12:03:41 PST"]
[Termination "lukas_111111 won on time"]

1. d4 Nf6 2. c4 e6 3. Nc3 Bb4 4. e3 O-O 5. Bd3 d5 6. Nf3 b6 7. O-O Ba6 8. Ne5 dxc4 9. Qf3 c6 10. Bc2 Qc7 11. e4 c5 12. Be3 Bb7 13. Rad1 cxd4 14.
Bxd4 Nbd7 15. Nb5 Nxe5 16. Qg3 Qc6 17. Bxe5 Kh8 18. Nd4 Qe8 19. Qg5 Be7 20. Qg3 Rg8 21. Qc3 Rc8 22. Nf3 Nxe4 23. Bxe4 Bxe4 24. Rfe1 Bd5 25.
Nd4 f6 26. Bg3 Qf7 27. Nb5 e5 28. Nxa7 Ra8 29. Nb5 Bc5 30. Nc7 Bxg2 31. Nxa8 Bxa8 32. Kf1 Qb7 33. f3 b5 0-1

[Event "*** Titled Tuesday 3|2 Blitz"]
[Site "Chess.com"]
[Date "2015.12.01"]
[Round "5"]
[White "rikyshi"]
[Black "StellarChessPro"]
[Result "1-0"]
[WhiteElo "2134"]
[BlackElo "2256"]
[TimeControl "180+2"]
[EndTime "12:03:45 PST"]
[Termination "rikyshi won by resignation"]

1. e4 c6 2. d4 d5 3. Nc3 dxe4 4. Nxe4 Nf6 5. Nxf6+ gxf6 6. Ne2 Nd7 7. Ng3 e6 8.
c3 f5 9. Bf4 Be7 10. Be2 Bg5 11. Bd6 Nb6 12. Ba3 Nd5 13. Bf3 Be7 14. Bxd5 Qxd5 15.
Bxe7 Kxe7 16. Qe2 Qxg2 17. Nxf5+ Kd7 18. Ng3 Qd5 19. Ne4 Kc7 20. O-O-O Qxa2 21. Nc5 Qd5 22. Rhg1 b6 23. Nd3 a5 24. Rg7 Bd7 25. Rxf7 Raf8 26. Rxf8 Rxf8 27. f4 a4 28. Rg1 a3 29. bxa3 Qc4 30.
Qc2 Be8 31. Rg7+ Kb8 32. Qb2 b5 33. Qb4 Qxd3 34. Qxf8 Qxc3+ 35. Kd1 Qxd4+ 36. Ke2 Qb2+ 37. Kf1 Qc1+ 38. Kf2 Qd2+ 39. Kg3 Qe3+ 40. Kh4 Qf2+ 41. Kg5 Qg2+ 42. Kf6 Qb2+ 43. Ke7 Qxa3+ 44. Kxe8 Qxf8+ 45. Kxf8 b4 46. Ke7 Kc7 47. Kxe6+ Kb6 48. f5 b3 49. Rg3 c5 50. Rxb3+ Kc6 51. f6 1-0

[Event "*** Titled Tuesday 3|2 Blitz"]
[Site "Chess.com"]
[Date "2015.12.01"]
[Round "5"]
[White "yopino"]
[Black "stepanosinovsky"]
[Result "1-0"]
[WhiteElo "2232"]
[BlackElo "2196"]
[TimeControl "180+2"]
[EndTime "12:04:01 PST"]
[Termination "yopino won on time"]

1. e4 e5 2. Nf3 Nc6 3. Bb5 a6 4. Bxc6 dxc6 5. O-O f6 6. d4 exd4 7. Nxd4 c5 8. Ne2 Qxd1 9. Rxd1 Bd7 10. Be3 O-O-O 11. Nbc3 Bd6 12. Nd5 Ne7 13. f3 Nxd5 14. Rxd5 Bc6 15. Rd2 b6 16. Rad1 g5 17. Ng3 Bxg3 18.
hxg3 Rxd2 19. Rxd2 g4 20. Kf2 h5 21. Bf4 Rf8 22.
Rd1 a5 23. Rh1 Be8 24. Rh4 Bg6 25. Ke3 Re8 26. Rh1 Kb7 27. Rd1 Kc6 28. Kf2 a4 29.
a3 Bf7 30. Bd2 Rd8 31. Ke1 Bc4 32. Bc3 Rxd1+ 33. Kxd1 Bf1 34. Bxf6 Bxg2 35. fxg4 hxg4 36. e5 Kd7 37. Kd2 b5 38. Ke3 Ke6 39. Kf4 Bf3 40. Bd8 c6 41. Ba5 Be2 42. Bd2 Bf3 43. Be3 Kd5 44. Kf5 Be4+ 45. Kf6 Bxc2 46. Bf4 b4 47. e6 Bg6 48. Kxg6 Kxe6 49. Kg5 Kd5 50. Kxg4 Kc4 51. Kf5 Kb3 52. g4 c4 53. g5 Kxb2 54. g6 c3 55. g7 b3 56. g8=Q 1-0

[Event "*** Titled Tuesday 3|2 Blitz"]
[Site "Chess.com"]
[Date "2015.12.01"]
[Round "5"]
[White "LADIESGET2KNOWME"]
[Black "ZEN-22"]
[Result "1-0"]
[WhiteElo "2237"]
[BlackElo "2242"]
[TimeControl "180+2"]
[EndTime "12:04:04 PST"]
[Termination "LADIESGET2KNOWME won by checkmate"]

1. d4 c5 2. d5 e6 3. c4 b5 4. dxe6 fxe6 5. cxb5 Bb7 6. Nf3 Nf6 7. g3 d5 8. Bg2 Nbd7 9. O-O e5 10. Ng5 Qb6 11.
a4 h6 12. a5 Qxb5 13. Nc3 Qc6 14. a6 e4 15. axb7 Qxb7 16. Ne6 Kf7 17. Nxf8 Rhxf8 18.
f3 Kg8 19. fxe4 dxe4 20. Bf4 Rae8 21. Qa4 Qxb2 22. Qc4+ Kh8 23. Rxa7 Ne5 24. Bxe5 Rxe5 25. Nxe4 Qb6 26. Ra6 Qd8 27. Nxf6 gxf6 28. Qh4 Kg7 29. Ra7+ Re7 30. Rxe7+ Qxe7 31. Be4 Re8 32. Qg4+ Kh8 33. Bd3 Qe3+ 34. Kg2 Qg5 35. Qd7 Qg8 36. Rxf6 Qg7 37.
Qxe8+ Qg8 38. Rxh6+ Kg7 39. Rh7+ Kf6 40. Qxg8 Ke5 41.
Qg7+ Kd5 42. Qg5+ Kd4 43. Rh4+ Kc3 44. Qxc5+ Kd2 45. Qb4+ Ke3 46. Re4# 1-0

[Event "*** Titled Tuesday 3|2 Blitz"]
[Site "Chess.com"]
[Date "2015.12.01"]
[Round "5"]
[White "chessdude"]
[Black "BellJackson95"]
[Result "0-1"]
[WhiteElo "2261"]
[BlackElo "2164"]
[TimeControl "180+2"]
[EndTime "12:04:18 PST"]
[Termination "BellJackson95 won by checkmate"]

1. g3 e5 2. Bg2 d5 3. c4 dxc4 4. Qa4+ Bd7 5. Qxc4 Nc6 6. Nc3 Nd4 7. Qd3 Bf5 8. e4 Bg4 9. Kf1 Nf6 10. f3 Be6 11. Nge2 Bc5 12. Nxd4 Bxd4 13. Ne2 Bb6 14. Qxd8+ Rxd8 15. d4 exd4 16. Bd2 O-O 17. b3 d3 18. Nf4 Bd7 19. g4 a5 20. g5 Ne8 21. Nd5 Be6 22.
Nxb6 cxb6 23. Kf2 Nd6 24. Rac1 Nb5 25. f4 Bg4 26. e5 Rd7 27. h3 Be2 28. f5 Nd4 29.
Be4 Re8 30. f6 Ne6 31. h4 Nc5 32. Bf5 Rd5 33. Rc4 Rdxe5 34. Rf4 g6 35. Bh3 Bh5 36. Bc3 Ne4+ 37. Rxe4 Rxe4 38. Bf1 Rf4+ 39. Kg2 Bf3+ 40. Kg3 Rf5 41. Rh2 Be2 42. Bh3 Rd5 43. Bd2 Rc5 44. Bg2 Rc2 45. Bf4 d2 46. Bxd2 Rxd2 47. Bxb7 Rd3+ 48.
Kf2 Bh5 49. Rh1 Re2+ 50. Kf1 Rd1# 0-1

[Event "*** Titled Tuesday 3|2 Blitz"]
[Site "Chess.com"]
[Date "2015.12.01"]
[Round "5"]
[White "1stSecond"]
[Black "ChadaevNikolay"]
[Result "1-0"]
[WhiteElo "2426"]
[BlackElo "2543"]
[TimeControl "180+2"]
[EndTime "12:04:24 PST"]
[Termination "1stSecond won by checkmate"]

1. d4 Nf6 2. c4 g6 3. Nc3 Bg7 4.
e4 O-O 5. Nf3 d6 6. h3 Nc6 7.
Be3 e5 8. d5 Nd4 9. Nxd4 exd4 10. Bxd4 Re8 11. Bd3 Nh5 12. Bxg7 Kxg7 13. Qd2 Qf6 14.
g3 Qd4 15. O-O-O Nf6 16. f4 Bd7 17. g4 a6 18. f5 b5 19. g5 Nh5 20. f6+ Kg8 21.
cxb5 axb5 22. Bxb5 Qxd2+ 23. Rxd2 Bxb5 24. Nxb5 Rxa2 25. Kb1 Ra5 26. Nxc7 Rxe4 27. Rc1 h6 28. Rc6 hxg5 29.
b3 Re3 30. Kb2 Nxf6 31. Rxd6 Ne4 32. Rd8+ Kh7 33. Rc2 Nc5 34. b4 Rb3+ 35. Kc1 Rxb4 36. d6 Rd4 37. Ne8 Nd3+ 38. Kd2 Nf4+ 39. Kc3 Rd3+ 40.
Kb4 Ra1 41. Rc7 Rb1+ 42. Kc4 Rc1+ 43. Kb5 Rb1+ 44. Kc6 Rc1+ 45. Kb7 Rb1+ 46. Kc8 Ne6 47. Rxf7+ Kh6 48. Nf6 g4 49. h4 g5 50. h5 Rc3+ 51.
Kd7 Nc5+ 52. Ke7 Rb7+ 53. d7 Re3+ 54. Kf8 Ne6+ 55. Kg8 Nxd8 56. Rh7# 1-0

[Event "*** Titled Tuesday 3|2 Blitz"]
[Site "Chess.com"]
[Date "2015.12.01"]
[Round "5"]
[White "petrpalachev"]
[Black "KnightSeeSix"]
[Result "1-0"]
[WhiteElo "2329"]
[BlackElo "2161"]
[TimeControl "180+2"]
[EndTime "12:04:43 PST"]
[Termination "petrpalachev won by resignation"]

1. d4 Nc6 2. Nf3 d6 3. d5 Ne5 4. Nxe5 dxe5 5. e4 Nf6 6. f3 a6 7. Be3 e6 8. c4 exd5 9. cxd5 Bb4+ 10. Nc3 O-O 11. Be2 c6 12. dxc6 bxc6 13. Qxd8 Rxd8 14. Kf2 Be6 15. Na4 a5 16. Rhc1 Rac8 17. Ba6 Rc7 18. Nc5 Rb8 19. Nxe6 fxe6 20. Bc4 Kf7 21. Rc2 Be7 22.
Bb3 Nd7 23. Rac1 c5 24. Ba4 Nb6 25. Bb5 Nc8 26. a4 Na7 27. Bc4 Nc6 28. b3 Rd8 29. Rd2 Nd4 30. Rd3 Rb8 31. Bd2 Rcb7 32. Bxa5 Nxb3 33. Bxb3 Rxb3 34. Rdc3 Bg5 35. R1c2 Rxc3 36. Bxc3 Rb1 37. Bxe5 Rb4 38. Ra2 c4 39. a5 Rb5 40.
a6 Bd8 41. Bd4 Rb8 42. a7 Ra8 43. Rc2 e5 44. Be3 Ke6 45. Rxc4 Be7 46. Rc7 h5 47. Rb7 Bd6 48. Rxg7 Be7 49. g3 Bf6 50. Rb7 Rc8 51. Rb8 1-0

[Event "*** Titled Tuesday 3|2 Blitz"]
[Site "Chess.com"]
[Date "2015.12.01"]
[Round "5"]
[White "motivated_bishop"]
[Black "pKiLz5Rn9b"]
[Result "0-1"]
[WhiteElo "2247"]
[BlackElo "2471"]
[TimeControl "180+2"]
[EndTime "12:04:43 PST"]
[Termination "pKiLz5Rn9b won on time"]

1. d4 e6 2. c4 Nf6 3. Nc3 Bb4 4. Qc2 d5 5. cxd5 exd5 6. Bg5 h6 7. Bh4 c5 8. dxc5 g5 9. Bg3 Ne4 10. Nf3 Qa5 11. Rc1 Nc6 12. e3 Bf5 13. Bd3 Nxc3 14. bxc3 Bxd3 15. Qxd3 Qxc5 16. O-O Ba5 17. c4 Rd8 18.
cxd5 Qxd5 19. Nd4 O-O 20. Rfd1 Nxd4 21. exd4 Rc8 22. Rb1 Bb6 23. Be5 Rc6 24. h4 Qc4 25. Qf5 Qe6 26. Qf3 Rc2 27. hxg5 hxg5 28. Qh5 f5 29.
Qxg5+ Kf7 30. Rb3 Rg8 31. Qh5+ Qg6 32. Qxg6+ Rxg6 33. Bg3 Ke6 34. Re3+ Kd7 35. Rf3 Rg5 36. Bf4 Rg4 37. Be3 Rxa2 38. Rxf5 Rg7 39. g3 Bc7 40. Rb1 Bxg3 41. Rxb7+ Bc7+ 42. Kf1 Kc6 43. Rbb5 Rh7 44.
Rbc5+ Kd7 45. Rh5 Rf7 46. Rcf5 Rxf5 47. Rxf5 a5 48. Rf7+ Kc8 49. d5 a4 50. Bc5 Rc2 51.
Bb4 Rc4 0-1

[Event "*** Titled Tuesday 3|2 Blitz"]
[Site "Chess.com"]
[Date "2015.12.01"]
[Round "5"]
[White "Anton_Demchenko"]
[Black "ChessWarrior7197"]
[Result "1-0"]
[WhiteElo "2662"]
[BlackElo "2455"]
[TimeControl "180+2"]
[EndTime "12:04:45 PST"]
[Termination "Anton_Demchenko won by resignation"]

1. e4 c5 2. Nf3 d6 3. d4 cxd4 4. Nxd4 Nf6 5. Nc3 a6 6. g3 e5 7. Nde2 Be7 8. Bg2 O-O 9. O-O b5 10. Nd5 Bb7 11. Nec3 Nbd7 12. a4 Nxd5 13. Nxd5 Nf6 14.
Qd3 Nxd5 15. exd5 Qd7 16. Bd2 f5 17. Rfd1 Bf6 18. Qb3 e4 19. Bf4 g5 20. Be3 h6 21.
axb5 axb5 22. Bh3 Be5 23. c3 Qe8 24. Rxa8 Bxa8 25. Qc2 Bb7 26. Bd4 Bxd4 27. Rxd4 Qe5 28. Bg2 Bxd5 29. Qd2 Be6 30. Rxd6 Ra8 31. Rd8+ Rxd8 32.
Qxd8+ Kg7 33. Qe7+ Kg6 34. Bf1 e3 35. Bxb5 exf2+ 36.
Kxf2 Qxb5 37. Qxe6+ Kg7 38. Qe7+ Kg6 39. Qe6+ Kg7 40. Qe2 Qb6+ 41. Kf1 f4 42. gxf4 gxf4 43. Qg4+ Kh7 44. Qf5+ Kg7 45. Qe5+ Kg6 46. b4 Qa6+ 47. Kf2 Qa2+ 48. Kf3 Qxh2 49. Qxf4 Qh1+ 50. Kf2 Qb1 51.
Qd6+ Kg5 52. Qe5+ Kg6 53. Ke3 h5 54. Qe4+ Qxe4+ 55. Kxe4 Kg5 56. Kf3 Kf5 57. Kg3 Ke4 58.
Kh4 Kd5 59. Kxh5 Kc4 60. Kg6 1-0

[Event "*** Titled Tuesday 3|2 Blitz"]
[Site "Chess.com"]
[Date "2015.12.01"]
[Round "5"]
[White "Ginger_GM"]
[Black "BIG_Pirate"]
[Result "0-1"]
[WhiteElo "2454"]
[BlackElo "2290"]
[TimeControl "180+2"]
[EndTime "12:04:50 PST"]
[Termination "BIG_Pirate won by resignation"]

1. e4 d5 2. Nc3 dxe4 3. Nxe4 Bf5 4. Ng3 Bg6 5. h4 h6 6. Nf3 Nd7 7. Bc4 e6 8. d4 Ngf6 9. Qe2 Be7 10. Bf4 c5 11.
Ne5 Nxe5 12. dxe5 Nd5 13. Bb5+ Kf8 14. Bd2 Bxh4 15. Ne4 Be7 16. O-O-O Qc7 17. f4 a6 18. Bd3 b5 19. Ng3 Bxd3 20. Qxd3 c4 21. Qe4 Rc8 22. Be1 c3 23. Ne2 cxb2+ 24. Kxb2 f5 25. exf6 Bxf6+ 26. Kb1 Qc4 27. Nd4 Nc3+ 28. Bxc3 Qxc3 29. Rh3 Qc4 30. Nxe6+ Kg8 31. Qxc4 Rxc4 32. g4 Re4 33. Nc7 Kf7 34.
Rd7+ Re7 35. Rxe7+ Bxe7 36. Nxa6 Rc8 37. Rb3 Rc4 38. Rxb5 Rxf4 39. Nc7 Rxg4 40. Nd5 Bd6 41. Rb7+ Ke6 42. Ne3 Rg3 43. Nc4 Be7 44. Rb6+ Kf7 45. a4 Bf6 46. Ka2 Rg1 47. Rb7+ Kg6 48. Nd6 Ra1+ 49.
Kb3 h5 50. Ra7 h4 51. Ne4 h3 52. Nf2 h2 53. Rd7 Rf1 54. Rd2 Rxf2 55. Rxf2 h1=Q 56.
Rd2 Qb7+ 57. Kc4 Qa6+ 58. Kd5 Qa5+ 0-1

[Event "*** Titled Tuesday 3|2 Blitz"]
[Site "Chess.com"]
[Date "2015.12.01"]
[Round "5"]
[White "alex_zapata"]
[Black "Rating-Schmating"]
[Result "1/2-1/2"]
[WhiteElo "2164"]
[BlackElo "2085"]
[TimeControl "180+2"]
[EndTime "12:04:51 PST"]
[Termination "Game drawn by agreement"]

1. e4 e6 2. d4 d5 3. Nd2 Nf6 4. Bd3 c5 5. exd5 Qxd5 6. Ngf3 cxd4 7.
O-O Be7 8. Bc4 Qd6 9. Nb3 O-O 10.
Nbxd4 Nc6 11. a4 a6 12. h3 Rd8 13. Be3 Ne5 14. Nxe5 Qxe5 15. c3 Nd5 16. Bxd5 Qxd5 17.
Qe2 e5 18. Nf3 Bf5 19. Bb6 Rd6 20. Rfd1 Qc6 21. Qxe5 Be6 22. a5 Rxd1+ 23. Rxd1 Bf6 24. Qc7 Bd5 25. Qxc6 Bxc6 26. Nd4 Bxd4 27. Rxd4 Kf8 28. f3 f6 29. Kf2 Re8 30. Bc5+ Kf7 31. Bb6 Re7 32.
Rd8 Rd7 33. Rxd7+ Bxd7 34. Ke3 Ke6 35. Kd4 Bb5 36. g3 f5 37. h4 Be2 38. f4 g6 39.
c4 Kd6 40. b4 Bf3 41. Bc5+ Ke6 42. Bf8 Be2 43. Kc5 Bf3 44. b5 axb5 45. cxb5 Kf7 46. Bd6 Ke6 47. Be5 Be4 48. Kb6 Kd7 49. a6 bxa6 50.
bxa6 Kc8 51. Bd6 Bf3 52. Be5 Be4 53. Bd4 Bf3 54. Kc5 Kc7 55. Be5+ Kd7 56. Kb6 Kc8 57. Bd4 Be4 58. Bf2 Bf3 59. Kc5 Kc7 60. Be3 Be4 61. a7 Ba8 62. Bd4 Bb7 63. Be5+ Kd7 64. Bb8 Ba8 65. Be5 Bb7 66. Bd4 Ba8 67. Kb6 Bd5 68.
Be5 Ba8 69. Kc5 Bb7 70. Bc3 Ba8 71. Bb4 Bb7 72. Kd4 Ke6 73. Bc5 Ba8 74. Bb6 Bb7 75. Kc5 Kd7 76. Ba5 Ba8 77. Bc3 Be4 78. Bb2 Ba8 79. Kd4 Ke6 80. Ba3 Bb7 81. Bc5 Ba8 82.
Bb6 Bb7 83. Kc5 Kd7 1/2-1/2

[Event "*** Titled Tuesday 3|2 Blitz"]
[Site "Chess.com"]
[Date "2015.12.01"]
[Round "5"]
[White "swayamsm"]
[Black "GeorgMeier"]
[Result "1-0"]
[WhiteElo "2469"]
[BlackElo "2618"]
[TimeControl "180+2"]
[EndTime "12:04:57 PST"]
[Termination "swayamsm won on time"]

1. d4 e6 2. c4 Nf6 3. Nc3 Bb4 4. e3 O-O 5. Ne2 d5 6. a3 Bd6 7. c5 Be7 8. b4 b6 9. Nf4 a5 10. Bd2 c6 11. Nd3 Ba6 12. f4 Nbd7 13. Be2 Ne4 14. O-O f5 15. Be1 Bc4 16. Nxe4 dxe4 17. Nc1 Bxe2 18.
Nxe2 axb4 19. axb4 b5 20. Rxa8 Qxa8 21. Qb3 Kf7 22.
Bc3 Nf6 23. Ra1 Qb7 24. Qa2 Nd5 25. Bd2 g5 26. g3 Rg8 27. fxg5 Bxg5 28. Qa7 Rb8 29.
Kf2 Ke7 30. Qa5 Kd7 31. Ra3 h5 32. Nc3 Bd8 33. Qa7 Nxb4 34. Qxb7+ Rxb7 35. Nxe4 Nc2 36. Ra2 fxe4 37. Rxc2 Ra7 38. Ke2 Ra1 39. Rc1 Ra2 40.
Kd1 Bg5 41. Rc2 Ra3 42. Ke2 Ra1 43. Rc1 Ra2 44. Kd1 e5 45. dxe5 Ke6 46. Rc2 Ra3 47.
Ke2 Be7 48. h3 Kxe5 49. g4 hxg4 50. hxg4 Kd5 51. Bb4 Ra4 52. Rb2 1-0